 Seeded DCSS version 0.27-a0-1119-gbf574a6a6b (webtiles) character file.

Game seed: 20210502 (custom seed)

3075 Perrydaboss the Nimble (level 9, -14/111 HPs)
             Began as a Gnoll Monk on May 2, 2021.
             Was an Elder of Trog.
             Engulfed by a fire crab (shapeshifter)'s flame (16 damage)
             ... on level 8 of the Dungeon.
             The game lasted 00:43:37 (8247 turns).

Perrydaboss the Nimble (Gnoll Monk)                 Turns: 8247, Time: 00:43:37

Health: -14/111    AC: 18    Str: 17      XL:     9   Next: 88%
Magic:  15/16      EV:  9    Int: 10      God:    Trog [****..]
Gold:   0          SH:  0    Dex: 23 (24) Spells: 17/17 levels left

rFire    . . .     SeeInvis .   k - +1 trident (venom) {pitchfork}
rCold    + . .     Faith    .   (no shield)
rNeg     . . .     Spirit   .   n - +1 plate armour
rPois    .         Reflect  .   (no helmet)
rElec    +         Harm     .   d - +0 cloak
rCorr    .         Rampage  .   (no gloves)
Will     .....                  (no boots)
Stlth    ..........             (no amulet)
HPRegen  0.28/turn              e - ring of Monotheism {rElec AC+4 Str+4 Dex+9}
MPRegen  0.15/turn              c - ring of protection from cold

@: berserking, very quick
A: fangs 1, strong nose, distributed training
a: Renounce Religion, Berserk, Trog's Hand, Brothers in Arms


You were on level 8 of the Dungeon.
You worshipped Trog.
Trog was greatly pleased with you.
You visited 2 branches of the dungeon, and saw 10 of its levels.

You collected 90 gold pieces.
You spent 90 gold pieces at shops.

Inventory:

Hand Weapons
 k - a +1 trident of venom (weapon) {pitchfork}
Missiles
 h - 83 stones (quivered)
Armour
 d - a +0 cloak (worn)
 n - a +1 plate armour (worn)
Jewellery
 c - a ring of protection from cold (right hand)
 e - the ring of Monotheism (left hand) {rElec AC+4 Str+4 Dex+9}
   (You acquired it on level 4 of the Dungeon)

   [ring of protection]

   It affects your AC (+4).
   It affects your strength (+4).
   It affects your dexterity (+9).
   It insulates you from electricity.
Wands
 i - a wand of iceblast (16)
 o - a wand of polymorph (10)
 v - a wand of flame (20)
Scrolls
 t - a scroll of magic mapping {unknown}


   Skills:
 + Level 8.1 Fighting
 + Level 4.6 Short Blades
 + Level 4.6 Long Blades
 + Level 4.6 Axes
 + Level 4.6 Maces & Flails
 + Level 8.1 Polearms
 + Level 4.6 Staves
 + Level 4.6 Slings
 + Level 4.6 Bows
 + Level 4.6 Crossbows
 + Level 4.6 Throwing
 + Level 4.6 Armour
 + Level 8.1 Dodging
 + Level 6.3 Stealth
 + Level 4.6 Shields
 + Level 4.6 Unarmed Combat
 + Level 4.6 Spellcasting
 + Level 3.8 Conjurations
 + Level 3.8 Hexes
 + Level 3.8 Summonings
 + Level 3.8 Necromancy
 + Level 3.8 Translocations
 + Level 3.8 Transmutations
 + Level 3.8 Fire Magic
 + Level 3.8 Ice Magic
 + Level 3.8 Air Magic
 + Level 3.8 Earth Magic
 + Level 3.8 Poison Magic
 + Level 5.1 Invocations
 + Level 4.6 Evocations


You had 17 spell levels left.
You didn't know any spells.
Your spell library was empty.

Dungeon Overview and Level Annotations

Branches:
Dungeon (9/15)             Temple (1/1) D:5
   Lair: D:8-11         Orc: D:9-12

Altars:
Ashenzari
Cheibriados
Dithmenos
Elyvilon
Gozag
Hepliaklqana
Kikubaaqudgha
Makhleb
Nemelex Xobeh
Okawaru
Qazlal
Ru
Sif Muna
Trog
Vehumet
Wu Jian
Xom
Yredelemnul
Zin
The Shining One

Shops:
D:1 [   D:2 :   D:5 *

Annotations:
D:8 2 exclusions


Innate Abilities, Weirdness & Mutations

You have very sharp teeth.
Your uncanny sense of smell can sniff out nearby items.
Your experience applies equally to all skills.


Message History

The white ugly thing punches you!
* * * LOW HITPOINT WARNING * * *
The white ugly thing freezes you. You resist.
* * * LOW HITPOINT WARNING * * *
You swap places.
Something hits you but does no damage.
A fire crab comes into view.
Your ogre hits the white ugly thing with a +0 giant spiked club!
The white ugly thing punches your ogre.
The white ugly thing freezes your ogre!!
Your ogre closely misses something.
Something punches your ogre!
Your ogre dies!
Your ogre's corpse disappears in a puff of smoke!
You hear a zap.
A puff of flame appears from out of thin air!
The puff of flame hits you but does no damage.
A red film seems to cover your vision as you go berserk!
You feel yourself moving faster!
You feel mighty!
You hear some strange, mumbled words.
You feel a strong urge to attack something.
Your skin stops crawling.
You feel less strong-willed.
You feel the power of Trog in you as your rage grows.
Trog accepts your kill.
Trog appreciates your killing of a magic user.
You feel a bit more experienced.
You feel your intelligence returning.
Your Invocations skill increases to level 5!
The fire crab breathes flames at you. The blast of flame engulfs you.
* * * LOW HITPOINT WARNING * * *
Unknown command.
You hit the fire crab. Your bite misses the fire crab.
The fire crab is lightly wounded.
You are engulfed in blazing flames.
* * * LOW HITPOINT WARNING * * *
You are too berserk!
You are too berserk!
You are too berserk!
Okay, then.
You are engulfed in blazing flames.
You die...

##..........######
............#
##..#.....#..#
##..
##...##...####
##.. ##†## ......
#..# #.# ###.## #
#..°# #.# ##..#
###
#..°°####.####..##
##.≈
#..°t○@°u⌠.....##
#.#.
#.#°°####.####..##
#≈.8 #..°# #.#.
##..# #.. #..#
#.##.###.# ### #..
#.# #....####.. #.
... #.......... #
.#. #..######## #
#...# ####


You could see a white ugly thing and a fire crab.

Vanquished Creatures
  The ghost of scammafunk the Fighter, a novice MiFi of Gozag (D:8)
  Maurice (D:8)
  A wyvern (D:7)
  A steam dragon (D:6)
  2 water moccasins
  An ice beast (D:5)
  3 black bears
  2 phantoms (D:5)
  2 scorpions
  A wyvern zombie (D:6)
  5 killer bees (D:8)
  A howler monkey (D:6)
  3 hounds
  Crazy Yiuf (D:5)
  An orc priest (D:4)
  An iron imp (D:4)
  3 iguanas
  7 orc wizards
  A killer bee zombie (D:6)
  A howler monkey skeleton (D:5)
  A howler monkey zombie (D:8)
  5 adders
  A white imp (D:6)
  2 worms (D:2)
  2 dart slugs
  22 orcs
  10 ball pythons
  3 endoplasms
  3 giant cockroaches
  10 goblins
  7 hobgoblins
  4 jackals (D:4)
  3 kobolds
  2 quokkas
  9 bats
  A frilled lizard (D:2)
  7 rats
131 creatures vanquished.

Vanquished Creatures (collateral kills)
  A slime creature (D:8)
  An acid dragon (D:8)
  A gnoll (D:8)
3 creatures vanquished.

Vanquished Creatures (others)
  2 demonic plants (D:1)
  5 fungi
  4 plants
  A withered plant (D:1)
12 creatures vanquished.

Grand Total: 146 creatures vanquished

Notes
Turn   | Place    | Note
-------+----------+-------------------------------------------
     0 | D:1      | Perrydaboss the Gnoll Monk began the quest for the Orb.
     0 | D:1      | Reached XP level 1. HP: 23/23 MP: 1/1
    46 | D:1      | Found a faded altar of an unknown god.
    76 | D:1      | Became a worshipper of Trog the Wrathful
    76 | D:1      | Reached * piety under Trog
    76 | D:1      | Reached ** piety under Trog
   111 | D:1      | Reached XP level 2. HP: 29/29 MP: 2/2
   323 | D:1      | Reached *** piety under Trog
   538 | D:1      | Found Noxelopt's Armour Emporium.
   926 | D:1      | Reached XP level 3. HP: 35/35 MP: 3/3
  1233 | D:2      | Reached skill level 1 in Invocations
  1538 | D:2      | Reached skill level 1 in Short Blades
  1538 | D:2      | Reached skill level 1 in Long Blades
  1538 | D:2      | Reached skill level 1 in Axes
  1538 | D:2      | Reached skill level 1 in Maces & Flails
  1538 | D:2      | Reached skill level 1 in Staves
  1538 | D:2      | Reached skill level 1 in Slings
  1538 | D:2      | Reached skill level 1 in Bows
  1538 | D:2      | Reached skill level 1 in Crossbows
  1538 | D:2      | Reached skill level 1 in Throwing
  1538 | D:2      | Reached skill level 1 in Armour
  1538 | D:2      | Reached skill level 1 in Shields
  1538 | D:2      | Reached skill level 1 in Unarmed Combat
  1538 | D:2      | Reached skill level 1 in Spellcasting
  1538 | D:2      | Reached skill level 1 in Evocations
  1631 | D:2      | Reached XP level 4. HP: 17/41 MP: 5/5
  1686 | D:2      | Found a broken altar of Ashenzari.
  2046 | D:2      | Found Kiecuck's Book Shoppe.
  2550 | D:3      | Reached skill level 1 in Conjurations
  2550 | D:3      | Reached skill level 1 in Hexes
  2550 | D:3      | Reached skill level 1 in Summonings
  2550 | D:3      | Reached skill level 1 in Necromancy
  2550 | D:3      | Reached skill level 1 in Translocations
  2550 | D:3      | Reached skill level 1 in Transmutations
  2550 | D:3      | Reached skill level 1 in Fire Magic
  2550 | D:3      | Reached skill level 1 in Ice Magic
  2550 | D:3      | Reached skill level 1 in Air Magic
  2550 | D:3      | Reached skill level 1 in Earth Magic
  2550 | D:3      | Reached skill level 1 in Poison Magic
  2726 | D:3      | Reached XP level 5. HP: 26/47 MP: 5/7
  3463 | D:4      | Identified a scroll of acquirement
  3463 | D:4      | Acquired the ring of Monotheism {rElec AC+4 Str+4 Dex+9}
  3653 | D:4      | Reached XP level 6. HP: 38/53 MP: 8/8
  4095 | D:4      | You fall into a shaft and drop 2 floors!
  4105 | D:6      | Noticed a steam dragon
  4129 | D:6      | Killed a steam dragon
  4130 | D:6      | Reached XP level 7. HP: 47/60 MP: 10/10
  4164 | D:5      | Entered Level 5 of the Dungeon
  4515 | D:5      | Found a runed translucent door.
  4516 | D:5      | Noticed Crazy Yiuf
  4570 | D:5      | Killed Crazy Yiuf
  4571 | D:5      | Reached skill level 5 in Stealth
  4615 | D:5      | Reached **** piety under Trog
  4757 | D:5      | Reached XP level 8. HP: 58/67 MP: 12/12
  5017 | D:4      | Noticed Grinder
  5023 | D:4      | Noticed Grinder
  5023 | D:4      | Grinder changed into Grinder the iron imp
  5037 | D:4      | Killed Grinder the iron imp
  5362 | D:4      | Found an opulent altar of Gozag.
  5362 | D:4      | Found a broken altar of Ashenzari.
  5860 | D:5      | Found Opnu's General Store.
  5868 | D:5      | Bought a scroll of enchant armour for 90 gold pieces
  5905 | D:5      | Found a staircase to the Ecumenical Temple.
  5912 | Temple   | Entered the Ecumenical Temple
  7147 | D:7      | Noticed a wyvern
  7157 | D:7      | Killed a wyvern
  7329 | D:7      | You fall into a shaft and drop 1 floor!
  7469 | D:8      | Reached XP level 9. HP: 65/72 MP: 14/14
  8063 | D:8      | Found a large runed translucent door.
  8063 | D:8      | Found a large runed translucent door.
  8065 | D:8      | Noticed scammafunk's ghost (novice MiFi)
  8115 | D:8      | Killed scammafunk's ghost
  8218 | D:8      | Noticed Maurice
  8225 | D:8      | Noticed a white ugly thing
  8241 | D:8      | Noticed a fire crab
  8244 | D:8      | Killed Maurice
  8245 | D:8      | Reached skill level 5 in Invocations
  8246 | D:8      | HP: 2/111 [fire crab (shapeshifter)] (11)]
  8247 | D:8      | Engulfed by a fire crab (shapeshifter)'s flame

Illustrated notes

Levels and vault maps discovered:
D:1:      ebering_trefoil_3fold, layout_basic, serial_shops, nicolae_shop_trees,
          shapermc_ecumenical_altar_gd, minmay_cut_off
D:2:      layout_loops_cross, serial_shops, shop, basic_altar,
          chequers_serial_rivers_small_b
D:3:      layout_basic, kennysheep_decorative_pillar
D:4:      layout_loops_corners, gammafunk_temple_overflow_statue, uniq_grinder
D:5:      layout_loops_ring, minmay_temple_entry_wispy, serial_shops, shop,
          uniq_crazy_yiuf_cottage
D:6:      layout_rooms
D:7:      layout_loops_ring, eat_drink_and_be_merry_uskayaw, uniq_maggie
D:8:      layout_basic, fedhas_altar_3, ebering_ghost_disaster_area, kb_rosetta,
          uniq_erica, uniq_maurice, uniq_pikel
D:9:      layout_big_octagon, minivault_15
Temple:   eino_narrow_crystal_temple

Skill      XL: |  1  2  3  4  5  6  7  8  9 |
---------------+----------------------------+-----
Invocations    | 1 2 3 4 5 |  5.1
Short Blades   | 1 2 3 4 |  4.6
Long Blades    | 1 2 3 4 |  4.6
Axes           | 1 2 3 4 |  4.6
Maces & Flails | 1 2 3 4 |  4.6
Staves         | 1 2 3 4 |  4.6
Slings         | 1 2 3 4 |  4.6
Bows           | 1 2 3 4 |  4.6
Crossbows      | 1 2 3 4 |  4.6
Throwing       | 1 2 3 4 |  4.6
Armour         | 1 2 3 4 |  4.6
Shields        | 1 2 3 4 |  4.6
Unarmed Combat | 1 2 3 4 |  4.6
Spellcasting   | 1 2 3 4 |  4.6
Evocations     | 1 2 3 4 |  4.6
Conjurations   | 1 2 3 |  3.8
Hexes          | 1 2 3 |  3.8
Summonings     | 1 2 3 |  3.8
Necromancy     | 1 2 3 |  3.8
Translocations | 1 2 3 |  3.8
Transmutations | 1 2 3 |  3.8
Fire Magic     | 1 2 3 |  3.8
Ice Magic      | 1 2 3 |  3.8
Air Magic      | 1 2 3 |  3.8
Earth Magic    | 1 2 3 |  3.8
Poison Magic   | 1 2 3 |  3.8
Fighting       | 7 8 |  8.1
Polearms       | 7 8 |  8.1
Dodging        | 7 8 |  8.1
Stealth        | 5 6 |  6.3

Action                   |  1- 3 |  4- 6 |  7- 9 || total
-------------------------+-------+-------+-------++-------
Melee: Spear             |   107 |       |       ||   107
       Bite              |    15 |    24 |    51 ||    90
       Dire flail        |    18 |   143 |       ||   161
       Whip              |       |     8 |       ||     8
       Trident           |       |    22 |   311 ||   333
       Punch             |       |       |     2 ||     2
Invok: Trog's Hand       |       |     2 |     4 ||     6
       Berserk           |       |     2 |     1 ||     3
       Brothers in Arms  |       |       |     1 ||     1
Evoke: Wand              |       |       |     3 ||     3
  Use: Potion            |     2 |     1 |     8 ||    11
       Scroll            |       |     7 |    11 ||    18
 Stab: Sleeping          |    11 |     3 |       ||    14
       Invisible         |       |       |     6 ||     6
       Distracted        |       |       |     1 ||     1
Armor: Robe              |     4 |       |       ||     4
       Leather armour    |     7 |     4 |       ||    11
       Chain mail        |       |   153 |    64 ||   217
       Skin              |       |       |    49 ||    49
       Plate armour      |       |       |   156 ||   156
Dodge: Dodged            |    54 |   107 |   144 ||   305

Table legend: (Time is in decaauts)
 A = Elapsed time spent in this place.
 B = Non-inter-level travel time spent in this place.
 C = Inter-level travel time spent in this place.
 D = Time resting spent in this place.
 E = Time spent auto-exploring this place.
 F = Levels seen in this place.
 G = Mean time per level.
                   A        B        C        D        E       F      G
               +--------+--------+--------+--------+--------+-----+--------+
         Total |   8257 |   8160 |     97 |   1191 |   5064 |  10 |  825.7 |
       Dungeon |   8058 |   7980 |     78 |   1191 |   4894 |   9 |  895.3 |
        Temple |    199 |    180 |     19 |      0 |    170 |   1 |  199.0 |
               +--------+--------+--------+--------+--------+-----+--------+

Top non-repeatable levels by time:
     D:5: 1459 daAuts
     D:4: 1312 daAuts
     D:1: 1182 daAuts
     D:2: 1177 daAuts
     D:3: 1107 daAuts
     D:8: 906 daAuts
     D:6: 685 daAuts
     D:7: 221 daAuts
  Temple: 199 daAuts
     D:9: 3 daAuts
